Map: Winter Madness LE

Players

LiquidClem (Clem) - Winner!

  • Race: Terran Terran
  • League: Grandmaster
  • Spawn Location: 11:00

Serral

  • Race: Zerg Zerg
  • League: Grandmaster
  • Spawn Location: 5:00

VOD

Have the link to the VOD?

Description

Time

  • Played on: Feb. 1, 2026, 10:01 a.m.
  • Length: 20:02
Show
View Real Time Build Order
Export as new Build Order

LiquidClem Terran - Winner!

Build Orders: Reaper Expand 

Get SALT Encoding   

  12  0:00  SCV  
  13  0:12  SCV  
  14  0:17  Supply Depot  
  14  0:24  SCV  
  15  0:38  SCV  
  15  0:40  Barracks  
  15  0:42  Refinery  
  16  0:50  SCV  
  17  1:03  SCV  
  18  1:15  SCV  
  19  1:26  Reaper  
  19  1:27  Orbital Command  
  20  1:38  Command Center  
  20  1:45  Supply Depot  
  20  1:52  SCV  
  21  1:58  Marine  
  22  2:04  SCV  
  23  2:10  Factory  
  23  2:16  SCV  
  23  2:20  Barracks Reactor  
  24  2:28  SCV  
  25  2:39  Command Center  
  25  2:40  SCV  
  26  2:51  Orbital Command  
  26  2:54  Barracks  
  26  2:56  SCV  
  27  3:04  Barracks Tech Lab  
  29  3:05  Hellion  
  29  3:11  Hellion  
  29  3:12  SCV  
  32  3:17  SCV  
  33  3:21  Refinery  
  33  3:23  Marine  
  33  3:26  Stimpack  
  35  3:27  SCV  
  35  3:31  SCV  
  36  3:39  SCV  
  37  3:43  SCV  
  37  3:44  Marine  
  37  3:45  Starport  
  39  3:51  Marine x2  
  39  3:52  Orbital Command  
  39  3:53  SCV  
  42  3:57  Factory Reactor  
  42  3:58  SCV  
  43  4:04  Marine  
  43  4:05  Supply Depot  
  43  4:06  SCV  
  43  4:08  Marine  
  43  4:09  Marine  
  47  4:11  SCV  
  48  4:18  SCV x2  
  48  4:22  Marine  
  48  4:23  SCV  
  52  4:26  Marine x2  
  52  4:28  Supply Depot  
  52  4:30  SCV  
  52  4:31  SCV  
  56  4:32  Refinery  
  56  4:36  Medivac x2  
  56  4:37  SCV  
  56  4:38  Orbital Command  
  61  4:39  Marine  
  61  4:44  Marine x2  
  61  4:45  SCV  
  66  4:49  Factory Tech Lab  
  66  4:50  SCV, Supply Depot  
  66  4:52  Engineering Bay  
  66  4:53  Barracks  
  66  4:55  Engineering Bay  
  66  4:56  Refinery  
  66  4:57  Marine  
  66  4:58  SCV  
  68  5:02  Marine, SCV  
  68  5:03  SCV  
  71  5:08  Marine  
  71  5:10  SCV  
  71  5:13  Supply Depot  
  73  5:14  SCV  
  73  5:16  SCV, Combat Shield  
  73  5:17  Marine  
  73  5:18  Terran Infantry Weapons Level 1  
  76  5:22  SCV  
  76  5:26  Starport Reactor  
  76  5:27  SCV  
  76  5:28  SCV  
  79  5:29  Marine  
  79  5:32  Terran Infantry Armor Level 1  
  79  5:35  Supply Depot  
  80  5:36  Barracks  
  80  5:37  Barracks  
  80  5:38  SCV  
  80  5:39  SCV  
  80  5:40  Marine  
  80  5:41  SCV  
  84  5:46  Siege Tank  
  84  5:48  Marine  
  83  5:50  SCV  
  83  5:52  Marine  
  83  5:53  SCV  
  83  5:54  SCV  
  83  5:55  Marine  
  87  6:00  Supply Depot, Marine  
  87  6:02  SCV  
  85  6:05  Medivac x2, SCV, Marine  
  85  6:07  Supply Depot  
  85  6:08  Supply Depot  
  85  6:09  SCV  
  92  6:13  Marine  
  92  6:16  Armory  
  93  6:18  Factory  
  93  6:19  Refinery, SCV  
  93  6:20  Marine x2  
  93  6:21  SCV  
  93  6:24  SCV  
  98  6:25  Marine  
  98  6:26  Siege Tank  
  98  6:28  Barracks Reactor  
  98  6:31  SCV  
  102  6:33  Barracks Reactor  
  102  6:34  Supply Depot, Marine  
  102  6:35  SCV  
  102  6:36  Marine  
  102  6:37  SCV  
  102  6:39  Marine  
  105  6:41  Supply Depot  
  105  6:44  SCV  
  106  6:48  SCV  
  106  6:49  Marine, SCV  
  106  6:50  Marine, Supply Depot  
  110  6:56  SCV  
  110  6:57  Medivac  
  110  6:58  Medivac, Marine x2  
  110  7:00  Marine  
  110  7:01  Supply Depot x2  
  118  7:10  Factory Reactor, Marine x2  
  118  7:11  Marine x4, Command Center  
  118  7:12  Supply Depot  
  124  7:17  Marine  
  124  7:20  Supply Depot, Terran Infantry Weapons Level 2  
  124  7:21  Marine x2  
  124  7:22  Drilling Claws  
  127  7:23  Widow Mine  
  127  7:28  Marine  
  127  7:29  Marine  
  131  7:32  SCV  
  131  7:34  Marine  
  131  7:35  Marine  
  131  7:36  SCV  
  125  7:37  SCV  
  125  7:38  Marine  
  125  7:43  Marine x2  
  125  7:44  Marine x2, SCV  
  127  7:45  Medivac  
  127  7:48  Marine, SCV  
  127  7:49  Marine, SCV  
  127  7:50  Widow Mine  
  115  7:52  Marine  
  115  7:53  Marine, Hellion, Widow Mine  
  115  7:56  Marine, SCV  
  115  7:57  Terran Infantry Armor Level 2  
  115  7:58  Liberator  
  126  8:00  SCV  
  126  8:01  Marine  
  128  8:06  Marine  
  128  8:08  Marine x2  
  128  8:11  Widow Mine  
  133  8:13  Supply Depot  
  133  8:14  Marine x2, Marauder  
  133  8:15  Medivac, Widow Mine  
  133  8:16  Widow Mine  
  133  8:19  SCV x3  
  146  8:20  Refinery  
  146  8:21  Marine x2  
  146  8:22  Marine  
  146  8:24  Marine  
  150  8:28  Barracks  
  150  8:29  Barracks, Marine  
  150  8:31  Barracks, SCV  
  150  8:33  SCV  
  150  8:37  Widow Mine, Marine  
  150  8:40  Liberator  
  150  8:41  Marine, SCV  
  148  8:42  Marine x2, Widow Mine  
  148  8:43  Marine  
  148  8:44  SCV  
  148  8:45  Marine  
  148  8:48  Widow Mine  
  151  8:49  Marine  
  151  8:50  Marauder  
  154  8:57  SCV  
  154  8:58  Widow Mine  
  154  9:00  Terran Vehicle And Ship Armor Level 1  
  157  9:04  Widow Mine, Marine x4  
  157  9:06  Marine  
  164  9:11  Liberator  
  164  9:12  Marauder  
  164  9:13  SCV x2  
  164  9:15  Marine  
  169  9:18  Marauder  
  169  9:20  Widow Mine  
  169  9:22  SCV  
  169  9:23  Liberator  
  179  9:26  Marine  
  179  9:28  Barracks Tech Lab x2  
  179  9:29  Barracks Tech Lab  
  178  9:31  Planetary Fortress  
  178  9:32  SCV  
  178  9:33  Marauder  
  178  9:37  Widow Mine x2  
  185  9:43  Widow Mine, Marine  
  182  9:50  Widow Mine  
  182  9:51  SCV  
  182  9:52  Marine x2  
  184  9:54  Medivac  
  184  9:55  Marine x2  
  184  9:56  Sensor Tower  
  184  9:58  Widow Mine  
  191  10:00  Terran Infantry Weapons Level 3  
  191  10:01  Marine x2  
  191  10:05  Refinery  
  191  10:06  Refinery, Medivac  
  195  10:08  Widow Mine x2  
  195  10:10  Marauder  
  197  10:14  Marauder  
  197  10:15  Marauder  
  197  10:19  SCV  
  200  10:24  Terran Infantry Armor Level 3  
  200  10:26  Command Center  
  198  10:36  Marauder, Medivac  
  198  10:39  Marine  
  198  10:40  SCV  
  198  10:41  SCV  
  198  10:42  SCV x2  
  184  10:45  Marine  
  184  10:46  Marauder, Marine x2  
  184  10:47  Marine x3, Marauder x2  
  194  10:52  SCV  
  194  10:53  SCV  
  194  10:57  Marine x2  
Show
View Real Time Build Order
Export as new Build Order

Serral Zerg 

Build Orders: Hatch First 

Get SALT Encoding   

  12  0:00  Drone  
  13  0:08  Drone  
  14  0:14  Extractor, Drone  
  15  0:21  Overlord  
  15  0:40  Drone  
  16  0:45  Hatchery  
  16  0:49  Drone  
  16  0:52  Drone  
  16  0:56  Drone  
  18  1:06  Extractor  
  17  1:11  Spawning Pool  
  17  1:14  Drone  
  17  1:17  Drone  
  18  1:26  Drone  
  19  1:36  Drone  
  20  1:49  Drone  
  21  1:57  Queen  
  21  1:58  Queen  
  21  1:59  Zergling x4  
  27  2:09  Overlord  
  27  2:10  Drone  
  27  2:11  Metabolic Boost  
  28  2:29  Drone x3  
  30  2:33  Queen  
  32  2:37  Spore Crawler  
  32  2:38  Overlord  
  32  2:42  Drone x2  
  34  2:50  Drone  
  35  2:52  Overlord  
  35  3:01  Drone  
  37  3:05  Drone x3  
  39  3:14  Drone x5  
  43  3:23  Drone  
  43  3:24  Hatchery  
  43  3:26  Drone  
  44  3:33  Queen  
  46  3:34  Queen  
  46  3:38  Zergling x4  
  50  3:45  Zergling x2  
  51  3:48  Overlord  
  51  3:51  Overlord  
  51  4:02  Overlord  
  51  4:07  Zergling x2  
  51  4:08  Zergling x2  
  53  4:11  Zergling x4  
  53  4:12  Queen  
  53  4:14  Overlord  
  53  4:16  Drone x3  
  60  4:20  Drone  
  60  4:22  Evolution Chamber  
  60  4:25  Drone x2  
  60  4:28  Drone x2  
  64  4:31  Drone  
  64  4:33  Lair  
  64  4:37  Drone x2  
  67  4:43  Drone  
  67  4:44  Drone x3  
  71  4:46  Queen  
  71  4:48  Overlord  
  71  4:49  Drone  
  74  4:54  Zerg Melee Weapons Level 1  
  74  4:55  Queen  
  74  4:57  Drone x3  
  78  5:01  Drone x2  
  78  5:05  Extractor x2, Drone  
  78  5:06  Drone  
  79  5:10  Drone x3  
  79  5:13  Overlord  
  82  5:16  Overlord  
  82  5:18  Extractor  
  82  5:21  Extractor  
  80  5:22  Queen  
  80  5:25  Drone x6  
  88  5:31  Zergling x6  
  91  5:37  Evolution Chamber  
  91  5:39  Zergling x6  
  91  5:42  Hatchery  
  92  5:43  Zergling x2  
  91  5:53  Zergling x16  
  100  5:58  Queen  
  100  5:59  Overlord  
  100  6:01  Overlord  
  100  6:03  Zerg Ground Armor Level 1  
  99  6:07  Infestation Pit  
  97  6:16  Hatchery  
  96  6:20  Drone x2  
  96  6:21  Zergling x2  
  96  6:22  Zergling x12  
  103  6:26  Overlord  
  103  6:29  Zergling x2  
  105  6:35  Zergling x8, Hatchery  
  106  6:40  Overlord  
  106  6:41  Zergling x4  
  106  6:44  Drone  
  106  6:46  Overlord, Hatchery, Infestor x2  
  110  6:49  Infestor  
  110  6:50  Zerg Melee Weapons Level 2  
  110  6:52  Zergling x2  
  115  6:55  Zergling x2  
  115  6:56  Zergling x4  
  115  7:00  Hive, Infestor  
  118  7:03  Drone  
  118  7:05  Overlord  
  119  7:10  Infestor  
  119  7:12  Zergling x6  
  119  7:15  Zergling x8  
  124  7:20  Queen  
  124  7:21  Queen  
  127  7:24  Zergling x8  
  127  7:25  Zergling x2  
  132  7:32  Zergling x2  
  126  7:38  Zergling x4  
  111  7:44  Zergling x8  
  111  7:47  Zergling x4  
  109  7:53  Drone x7  
  116  7:59  Zerg Ground Armor Level 2  
  116  8:00  Hatchery  
  116  8:02  Drone x3  
  116  8:03  Pneumatized Carapace  
  116  8:04  Overseer  
  118  8:07  Zergling x6  
  118  8:13  Zergling x14  
  118  8:16  Adrenal Glands  
  118  8:19  Zergling x6  
  128  8:20  Zergling x2  
  128  8:23  Infestor  
  128  8:24  Spore Crawler  
  130  8:27  Zergling x6  
  130  8:28  Zergling x2  
  130  8:31  Zergling x6  
  127  8:43  Zergling x22  
  127  8:46  Zergling x2  
  127  8:47  Zergling x2  
  124  8:50  Infestor  
  124  8:54  Extractor  
  124  8:56  Ultralisk Cavern  
  124  8:58  Drone x4  
  124  9:00  Zergling x14  
  134  9:03  Zergling x2  
  134  9:08  Zerg Melee Weapons Level 3  
  134  9:09  Overlord  
  135  9:10  Zergling x6  
  135  9:11  Zergling x4  
  135  9:14  Zergling x4  
  141  9:20  Viper  
  141  9:23  Zergling x10  
  149  9:30  Hatchery, Zergling x12  
  150  9:34  Drone x2  
  150  9:36  Zergling x2  
  150  9:37  Zergling x4  
  147  9:48  Zergling x22  
  147  9:50  Chitinous Plating  
  156  9:55  Drone x2  
  156  9:59  Zergling x8  
  162  10:01  Zergling x4  
  164  10:09  Zergling x2  
  164  10:10  Zergling x2  
  165  10:14  Overlord x3  
  165  10:17  Zerg Ground Armor Level 3  
  165  10:20  Overseer  
  165  10:21  Zergling x2  
  153  10:35  Zergling x10  
  153  10:36  Zergling x20  
  153  10:40  Zergling x4  
  144  10:43  Zergling x2  
  144  10:45  Zergling x6  
Tags
 
Add a new tag
Caveats
  • Supply blocks, unpowered buildings, or Contaminate may cause inaccurate times.
  • Supply counts are checked every 10 seconds.